Workbook
Name JR_PAGE_ANCHOR_0_1: 'cuadro Comparativo analitico'!$A$1
Name JR_PAGE_ANCHOR_1_1: 'cuadro Comparativo analitico 2'!$A$1
Name JR_PAGE_ANCHOR_2_1: 'cuadro Comparativo analitico 3'!$A$1

Sheet cuadro Comparativo analitico
A1: PROYECTO DE LEY DE PRESUPUESTOS PARA EL AÑO 2027
A2: CUADRO COMPARATIVO ANALITICO AÑOS 2026 - 2027
A3: Consolidado Moneda Nacional y Extranjera
A5: Partida: | C5: TESORO PÚBLICO | H5: PARTIDA: | I5: 50
A6: Capítulo: | C6: FISCO | H6: CAPÍTULO: | I6: 01
A7: Programa: | C7: FONDO PLURIANUAL PARA LAS CAPACIDADES ESTRATÉGICAS DE LA DEFENSA | H7: PROGRAMA: | I7: 14
G8: Miles de $
A9: Subt | B9: Item | C9: Asig | D9: CLASIFICACIÓN PRESUPUESTARIA | E9: (1) | F9: (2) | G9: (3) | H9: (4) | I9: (5) | J9: (6) | K9: (7)
E10: LEY DE PPTOS AÑO 2026 (Inicial + Reajuste + Leyes Especiales + Ajustes) | F10: PRESUPUESTO VIGENTE AÑO 2026 A AGOSTO | G10: EJECUCIÓN AÑO 2026 AL 31 DE AGOSTO | H10: LEY DE PPTOS AÑO 2026 (Inicial + Reajuste + Leyes Especiales + Ajustes) | I10: PROYECTO DE LEY DE PRESUPUESTOS AÑO 2027 | J10: Variación monto $ (5) - (4) | K10: Variación % (6) / (4)
E11: (En $ y US$ de 2026) | F11: (En $ y US$ de 2026) | G11: (En $ y US$ de 2026) | H11: (En $ y US$ de 2027) | I11: (En $ y US$ de 2027)
D12: INGRESOS | E12: 434403182 | F12: 434403182 | G12: =+'cuadro Comparativo analitico 3'!G12*886 -> 283555440 | H12: 434403182 | I12: 521337512 | J12: =I12-H12 -> 86934330 | K12: =(J12/H12) -> 0.2001236
A13: 06 | D13: RENTAS DE LA PROPIEDAD | E13: 7052570 | F13: 7052570 | G13: =+'cuadro Comparativo analitico 3'!G13*886 -> 2549908 | H13: 7052570 | I13: 8870 | J13: =I13-H13 -> -7043700 | K13: =(J13/H13) -> -0.9987423
B14: 03 | D14: Intereses | E14: 7052570 | F14: 7052570 | G14: =+'cuadro Comparativo analitico 3'!G14*886 -> 2549908 | H14: 7052570 | I14: 8870 | J14: =I14-H14 -> -7043700 | K14: =(J14/H14) -> -0.9987423
C15: 010 | D15: Intereses | E15: 7052570 | F15: 7052570 | G15: =+'cuadro Comparativo analitico 3'!G15*886 -> 2549908 | H15: 7052570 | I15: 8870 | J15: =I15-H15 -> -7043700 | K15: =(J15/H15) -> -0.9987423
A16: 11 | D16: VENTA DE ACTIVOS FINANCIEROS | E16: 1718860 | F16: 1718860 | G16: =+'cuadro Comparativo analitico 3'!G16*886 -> 220617544 | H16: 1718860 | I16: 35470 | J16: =I16-H16 -> -1683390 | K16: =(J16/H16) -> -0.97936423
B17: 01 | D17: Venta o Rescate de Títulos y Valores | E17: 1718860 | F17: 1718860 | G17: =+'cuadro Comparativo analitico 3'!G17*886 -> 220617544 | H17: 1718860 | I17: 35470 | J17: =I17-H17 -> -1683390 | K17: =(J17/H17) -> -0.97936423
A18: 13 | D18: TRANSFERENCIAS PARA GASTOS DE CAPITAL | E18: 425631752 | F18: 425631752 | G18: =+'cuadro Comparativo analitico 3'!G18*886 -> 60387988 | H18: 425631752 | I18: 521293172 | J18: =I18-H18 -> 95661420 | K18: =(J18/H18) -> 0.22475161
B19: 02 | D19: Del Gobierno Central | E19: 425631752 | F19: 425631752 | G19: =+'cuadro Comparativo analitico 3'!G19*886 -> 60387988 | H19: 425631752 | I19: 521293172 | J19: =I19-H19 -> 95661420 | K19: =(J19/H19) -> 0.22475161
C20: 130 | D20: De Operaciones Complementarias | E20: 425631752 | F20: 425631752 | G20: =+'cuadro Comparativo analitico 3'!G20*886 -> 60387988 | H20: 425631752 | I20: 521293172 | J20: =I20-H20 -> 95661420 | K20: =(J20/H20) -> 0.22475161
D21: GASTOS | E21: 434403182 | F21: 434403182 | G21: =+'cuadro Comparativo analitico 3'!G21*886 -> 283555440 | H21: 434403182 | I21: 521337512 | J21: =I21-H21 -> 86934330 | K21: =(J21/H21) -> 0.2001236
A22: 22 | D22: BIENES Y SERVICIOS DE CONSUMO | E22: 1692270 | F22: 1692270 | G22: =+'cuadro Comparativo analitico 3'!G22*886 -> 0 | H22: 1692270 | I22: 8870 | J22: =I22-H22 -> -1683400 | K22: =(J22/H22) -> -0.99475852
A23: 24 | D23: TRANSFERENCIAS CORRIENTES | E23: 8870 | F23: 8870 | G23: =+'cuadro Comparativo analitico 3'!G23*886 -> 283554554 | H23: 8870 | I23: 521293172 | J23: =I23-H23 -> 521284302 | K23: =(J23/H23) -> 58769.369
B24: 03 | D24: A Otras Entidades Públicas | E24: 8870 | F24: 8870 | G24: =+'cuadro Comparativo analitico 3'!G24*886 -> 283554554 | H24: 8870 | I24: 521293172 | J24: =I24-H24 -> 521284302 | K24: =(J24/H24) -> 58769.369
C25: 130 | D25: Aplicación Artículo 98 de la Ley Nº 18.948 | E25: 8870 | F25: 8870 | G25: =+'cuadro Comparativo analitico 3'!G25*886 -> 283554554 | H25: 8870 | I25: 521293172 | J25: =I25-H25 -> 521284302 | K25: =(J25/H25) -> 58769.369
A26: 30 | D26: ADQUISICIÓN DE ACTIVOS FINANCIEROS | E26: 432702042 | F26: 432702042 | G26: =+'cuadro Comparativo analitico 3'!G26*886 -> 886 | H26: 432702042 | I26: 26600 | J26: =I26-H26 -> -432675442 | K26: =(J26/H26) -> -0.99993853
B27: 01 | D27: Compra de Títulos y Valores | E27: 432693172 | F27: 432693172 | G27: =+'cuadro Comparativo analitico 3'!G27*886 -> 886 | H27: 432693172 | I27: 17730 | J27: =I27-H27 -> -432675442 | K27: =(J27/H27) -> -0.99995902
B28: 99 | D28: Otros Activos Financieros | E28: 8870 | F28: 8870 | G28: =+'cuadro Comparativo analitico 3'!G28*886 -> 0 | H28: 8870 | I28: 8870
A29: 35 | D29: SALDO FINAL DE CAJA | E29: 0 | F29: 0 | G29: =+'cuadro Comparativo analitico 3'!G29*886 -> 0 | H29: 0 | I29: 8870 | J29: =I29-H29 -> 8870
A33: Gasto Estado de Operaciones* | E33: 1701140 | F33: 1701140 | G33: 283553668 | H33: 1701140 | I33: 521302042 | J33: 519600902 | K33: 305.44276
A34: *GASTOS-(Subt.25+30+32+34+35) + Item25.01+Intereses y Otros Gastos Financieros de Deuda
G36: =+G12-G21 -> 0

Sheet cuadro Comparativo analitico 2
A1: PROYECTO DE LEY DE PRESUPUESTOS PARA EL AÑO 2027
A2: CUADRO COMPARATIVO ANALITICO AÑOS 2026 - 2027
A3: Moneda Nacional
A5: Partida: | C5: TESORO PÚBLICO | H5: PARTIDA: | I5: 50
A6: Capítulo: | C6: FISCO | H6: CAPÍTULO: | I6: 01
A7: Programa: | C7: FONDO PLURIANUAL PARA LAS CAPACIDADES ESTRATÉGICAS DE LA DEFENSA | H7: PROGRAMA: | I7: 14
G8: Miles de $
A9: Subt | B9: Item | C9: Asig | D9: CLASIFICACIÓN PRESUPUESTARIA | E9: (1) | F9: (2) | G9: (3) | H9: (4) | I9: (5) | J9: (6) | K9: (7)
E10: LEY DE PPTOS AÑO 2026 (Inicial + Reajuste + Leyes Especiales + Ajustes) | F10: PRESUPUESTO VIGENTE AÑO 2026 A AGOSTO | G10: EJECUCIÓN AÑO 2026 AL 31 DE AGOSTO | H10: LEY DE PPTOS AÑO 2026 (Inicial + Reajuste + Leyes Especiales + Ajustes) | I10: PROYECTO DE LEY DE PRESUPUESTOS AÑO 2027 | J10: Variación monto $ (5) - (4) | K10: Variación % (6) / (4)
E11: (En $ de 2026) | F11: (En $ de 2026) | G11: (En $ de 2026) | H11: (En $ de 2027) | I11: (En $ de 2027)
D12: INGRESOS | E12: 40 | F12: 40 | G12: 0 | H12: 40 | I12: 50 | J12: =I12-H12 -> 10 | K12: =(J12/H12) -> 0.25
A13: 06 | D13: RENTAS DE LA PROPIEDAD | E13: 10 | F13: 10 | G13: 0 | H13: 10 | I13: 10
B14: 03 | D14: Intereses | E14: 10 | F14: 10 | G14: 0 | H14: 10 | I14: 10
C15: 010 | D15: Intereses | E15: 10 | F15: 10 | G15: 0 | H15: 10 | I15: 10
A16: 11 | D16: VENTA DE ACTIVOS FINANCIEROS | E16: 20 | F16: 20 | G16: 0 | H16: 20 | I16: 30 | J16: =I16-H16 -> 10 | K16: =(J16/H16) -> 0.5
B17: 01 | D17: Venta o Rescate de Títulos y Valores | E17: 20 | F17: 20 | G17: 0 | H17: 20 | I17: 30 | J17: =I17-H17 -> 10 | K17: =(J17/H17) -> 0.5
A18: 13 | D18: TRANSFERENCIAS PARA GASTOS DE CAPITAL | E18: 10 | F18: 10 | G18: 0 | H18: 10 | I18: 10
B19: 02 | D19: Del Gobierno Central | E19: 10 | F19: 10 | G19: 0 | H19: 10 | I19: 10
C20: 130 | D20: De Operaciones Complementarias | E20: 10 | F20: 10 | G20: 0 | H20: 10 | I20: 10
D21: GASTOS | E21: 40 | F21: 40 | G21: 0 | H21: 40 | I21: 50 | J21: =I21-H21 -> 10 | K21: =(J21/H21) -> 0.25
A22: 22 | D22: BIENES Y SERVICIOS DE CONSUMO | E22: 10 | F22: 10 | G22: 0 | H22: 10 | I22: 10
A23: 24 | D23: TRANSFERENCIAS CORRIENTES | E23: 10 | F23: 10 | G23: 0 | H23: 10 | I23: 10
B24: 03 | D24: A Otras Entidades Públicas | E24: 10 | F24: 10 | G24: 0 | H24: 10 | I24: 10
C25: 130 | D25: Aplicación Artículo 98 de la Ley Nº 18.948 | E25: 10 | F25: 10 | G25: 0 | H25: 10 | I25: 10
A26: 30 | D26: ADQUISICIÓN DE ACTIVOS FINANCIEROS | E26: 20 | F26: 20 | G26: 0 | H26: 20 | I26: 20
B27: 01 | D27: Compra de Títulos y Valores | E27: 10 | F27: 10 | G27: 0 | H27: 10 | I27: 10
B28: 99 | D28: Otros Activos Financieros | E28: 10 | F28: 10 | G28: 0 | H28: 10 | I28: 10
A29: 35 | D29: SALDO FINAL DE CAJA | E29: 0 | F29: 0 | G29: 0 | H29: 0 | I29: 10 | J29: =I29-H29 -> 10
A33: Gasto Estado de Operaciones* | E33: 20 | F33: 20 | G33: 0 | H33: 20 | I33: 20 | J33: 0 | K33: 0
A34: *GASTOS-(Subt.25+30+32+34+35) + Item25.01+Intereses y Otros Gastos Financieros de Deuda

Sheet cuadro Comparativo analitico 3
A1: PROYECTO DE LEY DE PRESUPUESTOS PARA EL AÑO 2027
A2: CUADRO COMPARATIVO ANALITICO AÑOS 2026 - 2027
A3: Moneda Extranjera
A5: Partida: | C5: TESORO PÚBLICO | H5: PARTIDA: | I5: 50
A6: Capítulo: | C6: FISCO | H6: CAPÍTULO: | I6: 01
A7: Programa: | C7: FONDO PLURIANUAL PARA LAS CAPACIDADES ESTRATÉGICAS DE LA DEFENSA | H7: PROGRAMA: | I7: 14
G8: Miles de US$
A9: Subt | B9: Item | C9: Asig | D9: CLASIFICACIÓN PRESUPUESTARIA | E9: (1) | F9: (2) | G9: (3) | H9: (4) | I9: (5) | J9: (6) | K9: (7)
E10: LEY DE PPTOS AÑO 2026 (Inicial + Reajuste + Leyes Especiales + Ajustes) | F10: PRESUPUESTO VIGENTE AÑO 2026 A AGOSTO | G10: EJECUCIÓN AÑO 2026 AL 31 DE AGOSTO | H10: LEY DE PPTOS AÑO 2026 (Inicial + Reajuste + Leyes Especiales + Ajustes) | I10: PROYECTO DE LEY DE PRESUPUESTOS AÑO 2027 | J10: Variación monto $ (5) - (4) | K10: Variación % (6) / (4)
E11: (En US$ de 2026) | F11: (En US$ de 2026) | G11: (En US$ de 2026) | H11: (En US$ de 2027) | I11: (En US$ de 2027)
D12: INGRESOS | E12: 490297 | F12: 490297 | G12: 320040 | H12: 490297 | I12: 588417 | J12: =I12-H12 -> 98120 | K12: =(J12/H12) -> 0.2001236
A13: 06 | D13: RENTAS DE LA PROPIEDAD | E13: 7960 | F13: 7960 | G13: 2878 | H13: 7960 | I13: 10 | J13: =I13-H13 -> -7950 | K13: =(J13/H13) -> -0.99874372
B14: 03 | D14: Intereses | E14: 7960 | F14: 7960 | G14: 2878 | H14: 7960 | I14: 10 | J14: =I14-H14 -> -7950 | K14: =(J14/H14) -> -0.99874372
C15: 010 | D15: Intereses | E15: 7960 | F15: 7960 | G15: 2878 | H15: 7960 | I15: 10 | J15: =I15-H15 -> -7950 | K15: =(J15/H15) -> -0.99874372
A16: 11 | D16: VENTA DE ACTIVOS FINANCIEROS | E16: 1940 | F16: 1940 | G16: 249004 | H16: 1940 | I16: 40 | J16: =I16-H16 -> -1900 | K16: =(J16/H16) -> -0.97938144
B17: 01 | D17: Venta o Rescate de Títulos y Valores | E17: 1940 | F17: 1940 | G17: 249004 | H17: 1940 | I17: 40 | J17: =I17-H17 -> -1900 | K17: =(J17/H17) -> -0.97938144
A18: 13 | D18: TRANSFERENCIAS PARA GASTOS DE CAPITAL | E18: 480397 | F18: 480397 | G18: 68158 | H18: 480397 | I18: 588367 | J18: =I18-H18 -> 107970 | K18: =(J18/H18) -> 0.22475161
B19: 02 | D19: Del Gobierno Central | E19: 480397 | F19: 480397 | G19: 68158 | H19: 480397 | I19: 588367 | J19: =I19-H19 -> 107970 | K19: =(J19/H19) -> 0.22475161
C20: 130 | D20: De Operaciones Complementarias | E20: 480397 | F20: 480397 | G20: 68158 | H20: 480397 | I20: 588367 | J20: =I20-H20 -> 107970 | K20: =(J20/H20) -> 0.22475161
D21: GASTOS | E21: 490297 | F21: 490297 | G21: 320040 | H21: 490297 | I21: 588417 | J21: =I21-H21 -> 98120 | K21: =(J21/H21) -> 0.2001236
A22: 22 | D22: BIENES Y SERVICIOS DE CONSUMO | E22: 1910 | F22: 1910 | G22: 0 | H22: 1910 | I22: 10 | J22: =I22-H22 -> -1900 | K22: =(J22/H22) -> -0.9947644
A23: 24 | D23: TRANSFERENCIAS CORRIENTES | E23: 10 | F23: 10 | G23: 320039 | H23: 10 | I23: 588367 | J23: =I23-H23 -> 588357 | K23: =(J23/H23) -> 58835.7
B24: 03 | D24: A Otras Entidades Públicas | E24: 10 | F24: 10 | G24: 320039 | H24: 10 | I24: 588367 | J24: =I24-H24 -> 588357 | K24: =(J24/H24) -> 58835.7
C25: 130 | D25: Aplicación Artículo 98 de la Ley Nº 18.948 | E25: 10 | F25: 10 | G25: 320039 | H25: 10 | I25: 588367 | J25: =I25-H25 -> 588357 | K25: =(J25/H25) -> 58835.7
A26: 30 | D26: ADQUISICIÓN DE ACTIVOS FINANCIEROS | E26: 488377 | F26: 488377 | G26: 1 | H26: 488377 | I26: 30 | J26: =I26-H26 -> -488347 | K26: =(J26/H26) -> -0.99993857
B27: 01 | D27: Compra de Títulos y Valores | E27: 488367 | F27: 488367 | G27: 1 | H27: 488367 | I27: 20 | J27: =I27-H27 -> -488347 | K27: =(J27/H27) -> -0.99995905
B28: 99 | D28: Otros Activos Financieros | E28: 10 | F28: 10 | G28: 0 | H28: 10 | I28: 10
A29: 35 | D29: SALDO FINAL DE CAJA | E29: 0 | F29: 0 | G29: 0 | H29: 0 | I29: 10 | J29: =I29-H29 -> 10
A33: Gasto Estado de Operaciones* | E33: 1920 | F33: 1920 | G33: 320038 | H33: 1920 | I33: 588377 | J33: 586457 | K33: 305.44635
A34: *GASTOS-(Subt.25+30+32+34+35) + Item25.01+Intereses y Otros Gastos Financieros de Deuda
